 Dungeon Crawl Stone Soup version 0.17.0-28-g6e173f8 (webtiles) character file.

353 root the Sneak (level 6, -11/55 HPs)
             Began as a Naga Enchanter on Nov 30, 2015.
             Was an Initiate of Okawaru.
             Mangled by bollicks1999's ghost (16 damage)
             ... on level 4 of the Dungeon.
             The game lasted 00:20:53 (4337 turns).

root the Sneak (Naga Enchanter)                     Turns: 4337, Time: 00:20:53

Health: -11/55     AC:  5    Str: 10    XL:     6   Next: 62%
Magic:  11/11      EV:  5    Int: 15    God:    Okawaru [......]
Gold:   211        SH:  0    Dex: 14    Spells: 1 memorised, 10 levels left

rFire  . . .     SeeInvis +     a - +2 dagger
rCold  + . .     Clarity  .     b - +1 robe
rNeg   . . .     SustAt   .     (no shield)
rPois  +         Gourm    .     s - +0 helmet
rElec  .         Spirit   .     (no cloak)
rCorr  .         Warding  .     (no gloves)
rMut   .         Stasis   .     (no barding)
MR     .....                    (no amulet)
Stlth  ++++......               (no ring)
                                g - ring of protection from cold

@: very slow, not resistant to hostile enchantments, stealthy
A: see invisible, deformed body, poison resistance, slowness 2, slow metabolism
1, spit poison 2, AC +2
a: Spit Poison, Renounce Religion


You were on level 4 of the Dungeon.
You worshipped Okawaru.
Okawaru was noncommittal.
You were not hungry.

You visited 1 branch of the dungeon, and saw 4 of its levels.

You collected 211 gold pieces.

Inventory:

Hand Weapons
 a - a +2 dagger (weapon)
Armour
 b - a +1 robe (worn)
 s - a +0 helmet (worn)
Jewellery
 e - an uncursed ring of protection from cold
 g - a ring of protection from cold (left hand)
 l - a -3 ring of evasion
Scrolls
 j - a scroll of enchant armour {unknown}
 n - a scroll of amnesia {unknown}
 p - a scroll of teleportation {unknown}
 r - 2 scrolls of identify {unknown}
Potions
 f - 5 potions of curing {unknown}
 h - a potion of haste {unknown}
 i - 2 potions of beneficial mutation {unknown}
 k - a potion of lignification {unknown}
 m - a potion of ambrosia {unknown}
 o - 3 potions of poison {unknown}
Books
 c - a book of Maledictions

   Spells                             Type                      Level
   a - Corona                         Hexes                        1
   b - Ensorcelled Hibernation        Hexes/Ice                    2
   c - Confuse                        Hexes                        3
   d - Tukima's Dance                 Hexes                        3
   e - Dazzling Spray                 Conjuration/Hexes            3
Comestibles
 d - 3 bread rations
 q - a slice of pizza


   Skills:
 + Level 2.4 Fighting
 - Level 1.0 Short Blades
 + Level 2.6 Dodging
 + Level 6.3 Stealth
 + Level 3.4 Spellcasting
 + Level 4.2 Hexes


You had 10 spell levels left.
You knew the following spells:

 Your Spells              Type           Power        Failure   Level  Hunger
a - Corona                Hex            ###....      3%          1    None


Dungeon Overview and Level Annotations

Branches:
Dungeon (4/15)             Temple (0/1) D:4

Altars:
Kikubaaqudgha
Okawaru
Yredelemnul

Annotations:
D:4 bollicks1999's ghost, amateur HOFi


Innate Abilities, Weirdness & Mutations

You cannot wear boots.
Your serpentine skin is tough (AC +2).
You have supernaturally acute eyesight.
Armour fits poorly on your strangely shaped body.
Your system is resistant to poisons.
You cover ground very slowly.
You have a slow metabolism.
You can spit poison.


Message History

Okay, then.
Items here: )) [[ a trident; a plate armour; a dagger; a robe Bollicks1999's ghost closely misses you.
Bollicks1999's ghost hits you! Bollicks1999's ghost barely misses you.
Bollicks1999's ghost hits you! Bollicks1999's ghost hits you!
Bollicks1999's ghost misses you. Bollicks1999's ghost hits you!
Bollicks1999's ghost hits you!
* * * LOW HITPOINT WARNING * * *
Bollicks1999's ghost whispers, "Meet the emptiness of death!"
Bollicks1999's ghost hits you but does no damage.
Bollicks1999's ghost hits you!
* * * LOW HITPOINT WARNING * * *
Bollicks1999's ghost barely misses you.
There is an escape hatch in the ceiling here.
Bollicks1999's ghost hits you!
You die...

## ##.....>.##
##.##.## ## #
##.....## ####.# #
##...## #.# #
##+## #.# # ###
#.# #######.# #
..#### #.#
#.......# #
#....####.##
#.####### #
#.....##...## #W#
# #.....#.....#
#@# #
......##...#####.#
#...............>#
#.....############
#.##.## ..<..#
######


You could see bollicks1999's ghost.

Vanquished Creatures
  A scorpion (D:4)
  2 orc priests (D:3)
  Ijyb (D:2)
  An orc wizard (D:4)
  A worker ant (D:4)
  2 adders
  8 gnolls
  An ooze (D:3)
  A worm (D:3)
  4 giant geckos
  11 orcs
  9 bats
  6 goblins
  2 hobgoblins
  4 jackals (D:2)
  2 ball pythons
  4 giant newts
  2 kobolds (D:2)
  2 quokkas
  5 rats
69 creatures vanquished.

Notes
Turn   | Place    | Note
--------------------------------------------------------------
     0 | D:1      | root the Naga Enchanter began the quest for the Orb.
     0 | D:1      | Reached XP level 1. HP: 15/15 MP: 3/3
   320 | D:1      | Reached XP level 2. HP: 22/22 MP: 5/5
   923 | D:1      | You fall through a shaft!
  1019 | D:2      | Noticed Ijyb
  1032 | D:2      | Killed Ijyb
  1032 | D:2      | Reached skill level 5 in Stealth
  1032 | D:2      | Reached XP level 3. HP: 10/30 MP: 6/6
  1322 | D:2      | Reached skill level 1 in Fighting
  1322 | D:2      | Reached XP level 4. HP: 36/38 MP: 6/8
  2064 | D:3      | Reached XP level 5. HP: 44/44 MP: 9/9
  2753 | D:3      | Found an iron altar of Okawaru.
  2756 | D:3      | Found a basalt altar of Yredelemnul.
  2759 | D:3      | Found an ancient bone altar of Kikubaaqudgha.
  2767 | D:3      | Became a worshipper of Warmaster Okawaru
  3031 | D:4      | Reached skill level 6 in Stealth
  3031 | D:4      | Reached XP level 6. HP: 41/52 MP: 10/10
  3198 | D:4      | Noticed bollicks1999's ghost (amateur HOFi)
  4127 | D:4      | Found a staircase to the Ecumenical Temple.
  4337 | D:4      | Mangled by bollicks1999's ghost

Action                   |  1- 3 |  4- 6 || total
-------------------------+-------+-------++-------
Melee: Dagger            |    23 |    88 ||   111
 Abil: Spit Poison       |    29 |    62 ||    91
  Use: Scroll            |       |     3 ||     3
  Eat: Chunk             |     2 |    12 ||    14
